Map: Dusk Towers

Players

Has - Winner!

  • Race: Protoss Protoss

Elazer

  • Race: Zerg Zerg

Event: DreamHack Open Tours WCS Spring Championship

VOD

Have the link to the VOD?

Description

Time

  • Played on: May 15, 2016, 7:02 a.m.
  • Length: 9:33

All games in this series

Show
View Real Time Build Order
Export as new Build Order

Has Protoss - Winner!

Build Orders:  

Get SALT Encoding   

  12  0:01  Probe (Chrono Boost)  
  13  0:11  Probe (Chrono Boost)  
  14  0:17  Pylon  
  14  0:22  Probe (Chrono Boost)  
  15  0:36  Probe (Chrono Boost), Gateway  
  16  0:46  Probe (Chrono Boost)  
  16  0:47  Assimilator  
  17  0:56  Gateway  
  17  1:00  Probe (Chrono Boost)  
  18  1:10  Probe (Chrono Boost)  
  19  1:18  Pylon  
  19  1:21  Probe (Chrono Boost)  
  19  1:25  Cybernetics Core  
  20  1:31  Probe (Chrono Boost)  
  21  1:42  Probe (Chrono Boost)  
  22  1:52  Probe (Chrono Boost)  
  23  2:01  Warp Gate (Chrono Boost), Adept x2  
  27  2:17  Nexus  
  27  2:21  Probe  
  28  2:26  Assimilator  
  28  2:33  Probe  
  29  2:38  Stalker  
  31  2:46  Twilight Council  
  31  3:06  Pylon  
  31  3:09  Gateway  
  31  3:12  Gateway  
  31  3:25  Gateway  
  32  3:29  Resonating Glaives (Chrono Boost)  
  32  3:31  Mothership Core  
  32  3:33  Probe  
  34  3:43  Probe  
  35  3:53  Probe, Adept x2  
  35  3:54  Probe  
  40  4:04  Probe  
  40  4:05  Probe  
  42  4:10  Pylon  
  42  4:15  Probe  
  43  4:17  Probe  
  43  4:22  Stargate  
  44  4:25  Probe  
  44  4:29  Probe  
  46  4:31  Adept  
  46  4:32  Adept  
  46  4:36  Probe  
  51  4:41  Probe, Sentry  
  51  4:43  Pylon  
  54  4:46  Probe  
  55  4:53  Probe  
  57  5:00  Probe  
  57  5:05  Probe, Assimilator  
  58  5:08  Oracle (Chrono Boost)  
  58  5:13  Adept x3  
  67  5:15  Adept  
  67  5:20  Probe, Pylon  
  70  5:21  Assimilator  
  70  5:29  Pylon  
  70  5:41  Nexus  
  70  5:48  Adept x3  
  76  5:53  Adept  
  76  5:55  Phoenix (Chrono Boost)  
  80  6:04  Stalker  
  82  6:05  Probe  
  82  6:06  Probe  
  82  6:10  Stalker  
  86  6:48  Phoenix (Chrono Boost)  
  86  6:51  Probe  
  86  6:52  Probe  
  86  7:05  Adept x5  
  86  7:07  Probe  
  95  7:13  Probe  
  94  7:19  Probe  
  93  7:23  Probe  
  92  7:31  Probe  
  92  7:34  Probe  
  86  7:41  Probe  
  86  7:43  Probe  
  88  7:44  Probe  
  79  7:52  Probe  
  79  7:55  Probe x2  
  79  7:56  Pylon  
  79  7:58  Pylon  
  82  8:00  Pylon  
  82  8:03  Probe  
  79  8:05  Probe  
  79  8:07  Probe  
  79  8:10  Assimilator  
  79  8:11  Assimilator  
  81  8:13  Probe  
  81  8:15  Gateway  
  81  8:16  Probe, Phoenix (Chrono Boost), Gateway  
  81  8:18  Gateway  
  81  8:19  Probe, Adept x5  
  96  8:24  Probe  
  96  8:26  Probe  
  97  8:31  Probe  
  99  8:34  Probe  
  99  8:41  Sentry x2, Adept x3  
  110  8:48  Gateway x2  
  110  8:49  Gateway  
  110  8:51  Phoenix (Chrono Boost)  
  112  9:04  Sentry, Stalker  
  112  9:05  Stalker  
  112  9:06  Zealot  
  112  9:08  Zealot  
  120  9:22  Sentry  
  116  9:24  Stalker  
  116  9:25  Stalker  
  116  9:27  Zealot  
  116  9:28  Adept x3  
  116  9:29  Adept  
Show
View Real Time Build Order
Export as new Build Order

Elazer Zerg 

Build Orders: Hatch First 

Get SALT Encoding   

  12  0:00  Drone  
  13  0:12  Overlord  
  13  0:17  Drone  
  14  0:30  Drone x2  
  14  0:35  Drone  
  17  0:53  Hatchery  
  17  0:55  Drone  
  17  0:59  Drone  
  18  1:10  Extractor  
  17  1:15  Spawning Pool  
  17  1:18  Drone  
  17  1:21  Drone  
  18  1:31  Drone  
  19  1:51  Drone, Hatchery  
  19  2:00  Drone  
  20  2:02  Queen  
  20  2:07  Zergling x2  
  23  2:14  Drone  
  23  2:15  Metabolic Boost  
  24  2:19  Drone  
  25  2:25  Overlord  
  25  2:29  Drone  
  26  2:32  Drone  
  27  2:38  Zergling x2  
  27  2:43  Queen  
  30  2:46  Zergling x2  
  30  2:49  Zergling x2  
  32  2:54  Pneumatized Carapace  
  32  3:07  Queen  
  32  3:10  Drone  
  32  3:11  Zergling x4  
  37  3:14  Overlord  
  37  3:17  Drone  
  38  3:21  Drone  
  38  3:24  Drone  
  38  3:26  Drone  
  41  3:36  Drone x3  
  41  3:37  Drone x2  
  41  3:40  Drone  
  41  3:41  Drone  
  48  3:49  Baneling Nest  
  48  3:51  Evolution Chamber  
  48  3:54  Overlord  
  46  3:58  Overlord  
  46  4:06  Overlord  
  46  4:13  Zergling x8  
  50  4:17  Zerg Melee Weapons Level 1  
  50  4:21  Spine Crawler, Drone  
  50  4:22  Spore Crawler  
  50  4:23  Drone x3  
  52  4:30  Spine Crawler  
  51  4:32  Baneling x3  
  51  4:33  Baneling  
  51  4:37  Drone x2  
  51  4:38  Drone x2  
  54  4:39  Drone  
  54  4:42  Drone  
  54  4:44  Drone  
  54  4:45  Drone  
  59  4:49  Drone x2  
  59  4:50  Drone  
  62  4:53  Spore Crawler  
  62  4:56  Drone x3  
  62  4:57  Extractor, Drone  
  65  5:02  Overlord  
  65  5:04  Lair  
  65  5:07  Extractor  
  65  5:13  Overlord  
  64  5:17  Overlord  
  64  5:20  Drone  
  64  5:21  Drone  
  66  5:28  Overlord  
  66  5:30  Extractor  
  66  5:31  Extractor, Drone  
  66  5:32  Drone x5  
  71  5:35  Drone x2  
  71  5:36  Baneling x3, Drone  
  71  5:38  Baneling x3  
  71  5:39  Overlord  
  71  5:41  Drone x2  
  71  5:42  Drone  
  76  5:43  Drone  
  76  5:44  Drone  
  76  5:49  Overlord  
  77  5:51  Extractor  
  77  5:52  Spore Crawler  
  75  6:06  Drone x3  
  75  6:07  Drone, Hydralisk Den  
  75  6:08  Drone  
  75  6:09  Drone x3  
  82  6:14  Overlord  
  82  6:21  Hatchery  
  80  6:28  Overlord  
  79  6:37  Hydralisk x6, Muscular Augments  
  89  6:42  Zergling x10  
  90  6:48  Hydralisk  
  90  6:51  Zergling x6  
  92  7:01  Hydralisk x3  
  80  7:09  Hydralisk  
  80  7:10  Hydralisk  
  72  7:17  Hydralisk x2  
  71  7:25  Drone x3  
  65  7:42  Hydralisk  
  50  7:45  Drone x3  
  50  7:46  Drone x2  
  50  7:49  Drone  
  43  8:09  Zergling x4  
  44  8:15  Zergling x6  
  44  8:19  Zergling x2  
  48  8:24  Zergling x2  
  48  8:28  Zergling x2  
  46  8:34  Baneling  
  46  8:40  Baneling  
  46  8:41  Baneling x2  
  46  8:43  Baneling  
  46  8:53  Zergling x2  
  47  9:00  Baneling  
  46  9:04  Baneling  
  46  9:11  Zergling x2  

Tags
 
Add a new tag
Caveats
  • Supply blocks, unpowered buildings, or Contaminate may cause inaccurate times.
  • Supply counts are checked every 10 seconds.